 Dungeon Crawl Stone Soup version 0.26.1-11-gd32895ea62 (webtiles) character file.

Game seed: 6582920072932645476

84 Zeld the Slasher (level 4, 0/33 HPs)
             Began as a Human Gladiator on June 5, 2021.
             Slain by a goblin
             ... wielding a +0 dagger
             ... led by Robin
              (3 damage)
             ... on level 3 of the Dungeon.
             The game lasted 00:03:17 (2843 turns).

Zeld the Slasher (Human Gladiator)                  Turns: 2843, Time: 00:03:18

Health: 0/33       AC:  4    Str: 16    XL:     4   Next: 72%
Magic:  4/4        EV: 13    Int:  8    God:
Gold:   104        SH:  0    Dex: 14    Spells: 3/3 levels left

rFire    + . .     SeeInvis .   a - +0 long sword
rCold    + . .     Faith    .   (no shield)
rNeg     . . .     Spirit   .   b - +0 leather armour
rPois    .         Reflect  .   c - +0 helmet
rElec    .         Harm     .   u - scarf {rC+ rF+}
rCorr    .         Rampage  .   (no gloves)
Will     .....                  (no boots)
Stlth    +.........             (no amulet)
HPRegen  0.11/turn              (no ring)
MPRegen  0.09/turn              (no ring)

@: no status effects
A: no striking features
a: no special abilities


You were on level 3 of the Dungeon.
You visited 1 branch of the dungeon, and saw 3 of its levels.

You collected 104 gold pieces.

Inventory:

Hand Weapons
 a - a +0 long sword (weapon)
Missiles
 d - 3 throwing nets
 j - 30 poisoned darts (quivered)
Armour
 b - a +0 leather armour (worn)
 c - a +0 helmet (worn)
 u - a scarf of resistance (worn)
Jewellery
 r - an uncursed ring of willpower {unknown}
Scrolls
 e - 3 scrolls of teleportation {unknown}
 f - 2 scrolls of enchant armour {unknown}
 g - a scroll of fog {unknown}
 o - 3 scrolls of identify {unknown}
 p - a scroll of magic mapping {unknown}
 s - a scroll of immolation {unknown}
Potions
 h - a potion of mutation {unknown}
 i - a potion of degeneration {unknown}
 k - a potion of flight {unknown}
 l - a potion of might {unknown}
 m - a potion of cancellation {unknown}
 n - 3 potions of resistance {unknown}
 q - a potion of brilliance {unknown}
 t - 2 potions of curing {unknown}


   Skills:
 - Level 2.0 Fighting
 * Level 5.1 Long Blades
 - Level 2.0 Throwing
 - Level 3.0 Dodging


You had 3 spell levels left.
You didn't know any spells.
Your spell library was empty.

Dungeon Overview and Level Annotations

Branches:
Dungeon (3/15)

Altars:
Nemelex Xobeh
Zin

Annotations:
D:3 Robin


Message History

The hobgoblin hits you but does no damage.
The goblin closely misses you. x2; You riposte.
You hit the goblin.
You kill the goblin!
Unknown command.
Things that are here:
a +0 club; a goblin corpse Robin roars a battlecry!
The goblin goes into a battle-frenzy!
The hobgoblin no longer looks unusually strong.
You hit the hobgoblin.
The hobgoblin is moderately wounded.
The hobgoblin barely misses you. The hobgoblin hits you with a +0 club.
* * * LOW HITPOINT WARNING * * *
You hit the hobgoblin.
You kill the hobgoblin!
The goblin closely misses you. The hobgoblin hits you with a +0 club.
* * * LOW HITPOINT WARNING * * *
Unknown command.
The goblin hits you with a +0 dagger.
You die...

#...♣.♣....#
#...♣.....# #####
###.........#
#...#
#...!...$...#
###.#.#
#...........#
#.....#
#..)........#
#g#.######
#...........#
#g#.##...#
#..gg###...##
#.#.g..#.# #.g.g#
#....# #@g###...#
#....#
#.g..####.###.###
#..g.#
#†)#g##.....#...#
#....#
##g#.##.#.#.###g#
#.....
#)†....#.#...).#
####.#
#..#.#####..####
#....g...g..#
#.#.........#
#.#..#....###


You could see Robin, a hobgoblin and 2 goblins.

Vanquished Creatures
  2 adders (D:2)
  2 oozes (D:2)
  2 worms (D:2)
  A dart slug (D:1)
  A leopard gecko (D:2)
  3 giant cockroaches
  13 goblins
  5 hobgoblins
  6 kobolds
  A quokka (D:3)
  5 bats
  4 frilled lizards
  4 rats (D:2)
49 creatures vanquished.

Notes
Turn   | Place    | Note
-------+----------+-------------------------------------------
     0 | D:1      | Zeld the Human Gladiator began the quest for the Orb.
     0 | D:1      | Reached XP level 1. HP: 16/16 MP: 1/1
   356 | D:1      | Reached XP level 2. HP: 16/22 MP: 2/2
  1185 | D:2      | Found a glowing silver altar of Zin.
  1195 | D:2      | Reached skill level 4 in Long Blades
  1195 | D:2      | Reached XP level 3. HP: 22/27 MP: 3/3
  1285 | D:2      | Found a sparkling altar of Nemelex Xobeh.
  1658 | D:2      | HP: 1/27 [goblin/stone (3)]
  2331 | D:2      | Reached XP level 4. HP: 33/33 MP: 4/4
  2537 | D:2      | Reached skill level 5 in Long Blades
  2787 | D:3      | Found a faded altar of an unknown god.
  2799 | D:3      | Noticed Robin
  2843 | D:3      | Slain by a goblin

Illustrated notes

Levels and vault maps discovered:
D:1:      dpeg_arrival_houses_and_road, layout_basic, supply_closet_lemuel
D:2:      layout_loops_corners, marbit_many_paths, overflow_temple_1_default,
          minmay_puff
D:3:      layout_basic, lemuel_coloured_pillars_altar,
          chequers_ecumenical_altar_simple_redux, uniq_crazy_yiuf_cottage,
          uniq_jessica, uniq_robin

Skill      XL: |  1  2  3  4 |
---------------+-------------+-----
Long Blades    | 4 5 |  5.1
Fighting       | |  2.0
Throwing       | |  2.0
Dodging        | |  3.0

Action                   |  1- 3 |  4- 6 || total
-------------------------+-------+-------++-------
Melee: Long sword        |    76 |    35 ||   111
 Stab: Sleeping          |       |     1 ||     1
Armor: Leather armour    |    20 |    12 ||    32
Dodge: Dodged            |    51 |    41 ||    92
       Rpst.: Long sword |    16 |    18 ||    34
